 Dungeon Crawl Stone Soup version 0.22.0 (webtiles) character file.

179 EvilAliv3 the Vexing (level 5, 0/30 HPs)
             Began as a Deep Elf Arcane Marksman on Aug 24, 2018.
             Succumbed to a worker ant's poison
             ... on level 3 of the Dungeon.
             The game lasted 00:34:32 (4471 turns).

EvilAliv3 the Vexing (Deep Elf Arcane Marksman)     Turns: 4471, Time: 00:34:32

Health: 0/30       AC:  5    Str:  7    XL:     5   Next: 32%
Magic:  20/20      EV: 13    Int: 19    God:
Gold:   129        SH:  0    Dex: 15    Spells: 2/9 levels left

rFire    + . .     SeeInvis .   b - +0 long sword
rCold    . . .     Gourm    .   (no shield)
rNeg     . . .     Faith    .   g - +0 leather armour (curse)
rPois    .         Spirit   .   o - +1 helmet
rElec    .         Reflect  .   (no cloak)
rCorr    .         Harm     .   (no gloves)
MR       .....                  (no boots)
Stlth    +.........             j - amulet of rage
HPRegen  0.10/turn              q - ring of magical power
MPRegen  0.17/turn              m - ring of protection from fire

@: lethally poisoned (0 -> -4)
A: no striking features
a: Evoke Berserk Rage


You were on level 3 of the Dungeon.
You were not hungry.

You visited 1 branch of the dungeon, and saw 4 of its levels.

You collected 129 gold pieces.

Inventory:

Hand Weapons
 a - a +1 shortbow
 b - a +0 long sword (weapon)
Missiles
 d - 23 arrows
Armour
 g - a cursed +0 leather armour (worn)
 i - a +0 chain mail
 n - a +0 ring mail
 o - a +1 helmet (worn)
 r - a +0 scale mail
Jewellery
 j - an amulet of rage (around neck)
 m - a ring of protection from fire (right hand)
 q - a ring of magical power (left hand)
Wands
 l - a wand of paralysis (9)
Scrolls
 e - 3 scrolls of enchant weapon
 v - a scroll of identify
Potions
 c - a potion of mutation
 s - a potion of might
Comestibles
 f - 9 rations
 p - 2 chunks of flesh


   Skills:
 + Level 1.8 Fighting
 + Level 0.4 Long Blades
 * Level 3.9 Bows
 + Level 3.4 Dodging
 + Level 2.8 Spellcasting
 + Level 4.9 Hexes


You had 2 spell levels left.
You knew the following spells:

 Your Spells              Type           Power        Failure   Level  Hunger
a - Corona                Hex            ###....      3%          1    None
b - Portal Projectile     Hex/Tloc       ##....       26%         3    ###....
c - Inner Flame           Hex/Fire       ##......     26%         3    ###....

Your spell library contained the following spells:

 Spells                   Type           Power        Failure   Level  Hunger
 Cause Fear               Hex            ###.......   30%         4    ####...
 Slow                     Hex            ###.....     4%          2    ##.....
 Leda's Liquefaction      Hex/Erth       ##........   63%         4    ####...


Dungeon Overview and Level Annotations

Branches:
Dungeon (4/15)             Temple (0/1) D:4

Altars:
Okawaru
Sif Muna


Message History

You feel sick.
* * * LOW HITPOINT WARNING * * *
You feel sick.
* * * LOW HITPOINT WARNING * * *
You feel sick.
* * * LOW HITPOINT WARNING * * *
You feel sick.
* * * LOW HITPOINT WARNING * * *
You feel sick.
* * * LOW HITPOINT WARNING * * *
You feel sick.
* * * LOW HITPOINT WARNING * * *
You feel sick.
* * * LOW HITPOINT WARNING * * *
You feel sick.
There is a stone staircase leading up here.
There is a lethal amount of poison in your body!
* * * LOW HITPOINT WARNING * * *
You feel sick.
You die...

#..# #.##.##.#..# #.##### # #..#
#.##.##.#..# #.# # #..#
#.##.##.#..# ##.# # #..#
#.##.......######..### # #..#
#.##.................# ##
#..####.##.##.##.######.##.#
.###....).................#.#.#
......#######.##.##.######.##.###
.###### ##.#@...### ####.... ##
##)..#...# ####. ###### ###.###.#
#. .....# #.# #.# #. ####.# #.#
#.# #. #.# #.###.## #.
#.############.##...# #.
#<.............#....### #.
###############.......# #.


There were no monsters in sight!

Vanquished Creatures
  An orc priest (D:3)
  A worker ant (D:3)
  A gnoll (D:1)
  4 adders (D:2)
  An ooze (D:1)
  2 worms
  A dart slug (D:2)
  A leopard gecko (D:2)
  10 orcs
  3 giant cockroaches
  6 goblins
  2 hobgoblins
  2 jackals (D:1)
  2 quokkas
  6 bats
  A frilled lizard (D:1)
  7 kobolds
  11 rats
62 creatures vanquished.

Notes
Turn   | Place    | Note
-------+----------+-------------------------------------------
     0 | D:1      | EvilAliv3 the Deep Elf Arcane Marksman began the quest for the Orb.
     0 | D:1      | Reached XP level 1. HP: 11/11 MP: 5/5
   126 | D:1      | Reached skill level 1 in Fighting
   126 | D:1      | Reached XP level 2. HP: 16/16 MP: 4/6
   813 | D:1      | Reached XP level 3. HP: 12/20 MP: 3/8
  1307 | D:1      | Learned a level 3 spell: Portal Projectile
  1476 | D:2      | Reached XP level 4. HP: 18/25 MP: 7/9
  1990 | D:2      | Found an iron altar of Okawaru.
  2625 | D:3      | Found an iron altar of Okawaru.
  3645 | D:2      | Learned a level 3 spell: Inner Flame
  4051 | D:3      | Reached XP level 5. HP: 15/30 MP: 11/11
  4283 | D:3      | Found a deep blue altar of Sif Muna.
  4405 | D:4      | Found a staircase to the Ecumenical Temple.
  4425 | D:4      | Noticed a phantom
  4468 | D:3      | HP: 1/30 [poisoned by a worker ant]
  4471 | D:3      | Succumbed to a worker ant's poison

Skill      XL: |  1  2  3 |
---------------+----------+-----
Fighting       | 1 |  1.8
Spellcasting   | 2 |  2.8
Dodging        | 3 |  3.4
Bows           | 3 |  3.9
Long Blades    | |  0.4
Hexes          | |  4.9

Action                   |  1- 3 |  4- 6 || total
-------------------------+-------+-------++-------
Melee: Dagger            |    54 |       ||    54
       Short sword       |    36 |    82 ||   118
       Long sword        |       |    27 ||    27
 Fire: Shortbow          |    41 |    52 ||    93
 Cast: Corona            |    43 |    49 ||    92
Evoke: Wand              |       |     2 ||     2
  Use: Scroll            |       |     6 ||     6
       Potion            |       |     3 ||     3
 Stab: Paralysed         |       |     2 ||     2
  Eat: Chunk             |     2 |    10 ||    12
Armor: Robe              |     3 |       ||     3
       Leather armour    |    27 |    26 ||    53
Dodge: Dodged            |    75 |   108 ||   183
       Rpst.: Long sword |       |    11 ||    11
